 Dungeon Crawl Stone Soup version 0.29-a0-559-g359e09b9d1 (webtiles) character file.

Game seed: 11228639181076622207

8 Hubjo the Insei (level 2, -1/21 HPs)
             Began as a Demonspawn Transmuter on June 9, 2022.
             Slain by a goblin
             ... wielding a +0 dagger
              (2 damage)
             ... on level 1 of the Dungeon.
             The game lasted 00:00:30 (612 turns).

Hubjo the Insei (Demonspawn Transmuter)              Turns: 612, Time: 00:00:30

Health: -1/21      AC:  2    Str: 10    XL:     2   Next: 0%
Magic:  5/5        EV: 12    Int: 14    God:
Gold:   17         SH:  0    Dex: 13    Spells: 4/5 levels left

rFire   . . .      SeeInvis .     - Unarmed
rCold   . . .      Faith    .   (no shield)
rNeg    . . .      Spirit   .   a - +0 robe
rPois   .          Reflect  .   (no helmet)
rElec   .          Harm     .   (no cloak)
rCorr   .          Rampage  .   (no gloves)
Will    .....                   (no boots)
Stlth   +.........              (no amulet)
HPRegen 0.07/turn               (no ring)
MPRegen 0.09/turn               (no ring)

@: lethally poisoned (-1 -> -11)
A: weakness stinger 1
a: no special abilities


You were on level 1 of the Dungeon.
You visited 1 branch of the dungeon, and saw 1 of its levels.

You collected 17 gold pieces.

Inventory:

Armour
 a - a +0 robe (worn)
Jewellery
 d - a ring of ice
Scrolls
 e - a scroll of identify {unknown}
 f - a scroll of fog {unknown}
Potions
 b - a potion of lignification
 c - 2 potions of curing {unknown}


   Skills:
 * Level 1.4 Fighting
 - Level 1.7 Dodging
 + Level 0.4 Stealth
 + Level 2.8 Unarmed Combat
 + Level 2.0 Spellcasting
 + Level 1.9 Transmutations


You had 4 spell levels left.
You knew the following spells:

 Your Spells              Type           Power      Damage    Failure   Level
a - Beastly Appendage     Tmut           12%        N/A       11%         1

Your spell library contained the following spells:

 Spells                   Type           Power      Damage    Failure   Level
 Wereblood                Tmut           6%         N/A       16%         2
 Spider Form              Tmut/Pois      4%         N/A       43%         3
 Ice Form                 Ice/Tmut       4%         N/A       85%         4


Dungeon Overview and Level Annotations

Branches:
Dungeon (1/15)

Altars:


Innate Abilities, Weirdness & Mutations

You have a small tail.


Message History

You closely miss the bat. The bat hits you but does no damage.
The bat hits you but does no damage. x2
You hit the bat but do no damage. Your kick misses the bat.
Your headbutt misses the bat. The bat misses you.
Your transformation is almost over.
The bat closely misses you. The bat hits you but does no damage.
You barely miss the bat. You claw the bat.
You kill the bat!
You have reached level 2!
Your demonic ancestry asserts itself...
You grow a small tail.
Your horns disappear.
Your talons disappear.
A kobold comes into view. It is wielding a +0 dagger of venom.
A kobold is nearby!
A kobold is nearby!
The kobold shouts!
A goblin comes into view. It is wielding a +0 dagger.
The goblin shouts!
The kobold closely misses you. The kobold closely misses you.
The goblin hits you with a +0 dagger. The kobold hits you but does no damage.
The goblin closely misses you. The kobold hits you but does no damage.
You are poisoned.
You feel sick. The goblin barely misses you. The kobold barely misses you.
You feel sick. The goblin hits you with a +0 dagger.
The kobold hits you with a +0 dagger of venom.
You are more poisoned.
You feel sick. The goblin misses you. The kobold closely misses you.
You feel very sick. The goblin closely misses you.
The kobold hits you with a +0 dagger of venom.
You are more poisoned.
* * * LOW HITPOINT WARNING * * *
You feel very sick. The goblin hits you but does no damage.
The kobold barely misses you.
* * * LOW HITPOINT WARNING * * *
You feel very sick. The goblin hits you with a +0 dagger.
You die...

#..........
#.........#
#.........#
#.........#
#........#
#........+
#...gK...#
#....@...#
#........#
###........#
#.....†....###
########
#............#
#......#
#...........)#
#......#
#...###......#
#......# #...#
#......###......##
#...#
#..........)......


You could see a goblin and a kobold.

Vanquished Creatures
  An endoplasm (D:1)
  3 hobgoblins (D:1)
  A ball python (D:1)
  A bat (D:1)
  A frilled lizard (D:1)
  A kobold (D:1)
8 creatures vanquished.

Notes
Turn   | Place    | Note
-------+----------+-------------------------------------------
     0 | D:1      | Hubjo the Demonspawn Transmuter began the quest for the
                  | Orb.
     0 | D:1      | Reached XP level 1. HP: 15/15 MP: 3/3
   577 | D:1      | Gained mutation: You have a small tail. [demonic ancestry]
   577 | D:1      | Reached XP level 2. HP: 21/21 MP: 3/5
   612 | D:1      | HP: 1/21 [poisoned by a kobold]
   612 | D:1      | Slain by a goblin

Illustrated notes

Levels and vault maps discovered:
D:1:      dpeg_arrival_solitude, layout_basic, nicolae_ecumenical_lake_church

Action                   || total
-------------------------++-------
Melee: Unarmed           ||    24
       Kick              ||     4
       Headbutt          ||     4
 Cast: Beastly Appendage ||     7
Armor: Robe              ||     9
Dodge: Dodged            ||    32

Table legend: (Time is in decaauts)
 A = Elapsed time spent in this place.
 B = Non-inter-level travel time spent in this place.
 C = Inter-level travel time spent in this place.
 D = Time resting spent in this place.
 E = Time spent auto-exploring this place.
 F = Levels seen in this place.
 G = Mean time per level.
                   A        B        C        D        E       F      G
               +--------+--------+--------+--------+--------+-----+--------+
         Total |    611 |    611 |      0 |      0 |    530 |   1 |  611.0 |
       Dungeon |    611 |    611 |      0 |      0 |    530 |   1 |  611.0 |
               +--------+--------+--------+--------+--------+-----+--------+

Top non-repeatable levels by time:
     D:1: 611 daAuts
